 Dungeon Crawl Stone Soup version 0.21.1-1-g345015f (webtiles) character file.

30 Iko the Digger (level 3, -2/24 HPs)
             Began as a Demonspawn Earth Elementalist on May 12, 2018.
             Slain by Grinder (4 damage)
             ... on level 3 of the Dungeon.
             The game lasted 00:08:00 (390 turns).

Iko the Digger (Demonspawn Earth Elementalist)       Turns: 390, Time: 00:08:02

Health: -2/24      AC:  7    Str:  9    XL:     3   Next: 5%
Magic:  0/6        EV: 10    Int: 16    God:
Gold:   9          SH:  0    Dex: 13    Spells: 5/6 levels left

rFire    . . .     SeeInvis .   f - +0 short sword
rCold    . . .     Gourm    .   (no shield)
rNeg     . . .     Faith    .   a - +0 ring mail
rPois    .         Spirit   .   (helmet restricted)
rElec    .         Reflect  .   (no cloak)
rCorr    .         Harm     .   (no gloves)
MR       .....                  (no boots)
Stlth    ++........             (no amulet)
HPRegen  0.08/turn              c - ring of stealth
MPRegen  0.10/turn              (no ring)

@: very slightly contaminated
A: horns 1, thin metallic scales 1
a: no special abilities


You were on level 3 of the Dungeon.
You were not hungry.

You visited 1 branch of the dungeon, and saw 3 of its levels.

You collected 9 gold pieces.

Inventory:

Hand Weapons
 f - a +0 short sword (weapon)
Missiles
 b - 12 stones (quivered)
Armour
 a - a +0 ring mail (worn)
Jewellery
 c - a ring of stealth (left hand)
Books
 e - a book of Geomancy

   Spells                             Type                      Level
   a - Sandblast                      Earth                        1
   b - Passwall                       Transmutation/Earth          2
   c - Stone Arrow                    Conjuration/Earth            3
   d - Petrify                        Transmutation/Earth          4
   e - Lee's Rapid Deconstruction     Earth                        5
Comestibles
 d - 2 rations


   Skills:
 + Level 2.0 Dodging
 + Level 1.9 Stealth
 + Level 2.4 Spellcasting
   Level 0.8 Transmutations
 + Level 3.3 Earth Magic


You had 5 spell levels left.
You knew the following spells:

 Your Spells              Type           Power        Failure   Level  Hunger
a - Sandblast             Erth           ##....       14%         1    #......


Dungeon Overview and Level Annotations

Branches:
Dungeon (3/15)

Altars:

Annotations:
D:3 Grinder


Innate Abilities, Weirdness & Mutations

You have a pair of small horns on your head.
You are partially covered in thin metallic scales. (AC +2)


Message History

Aiming: Sandblast
Press: ? - help, Shift-Dir - straight line, f/p - Grinder
Aim: Grinder (moderately wounded)
The blast of sand hits Grinder.
Grinder is moderately wounded.
b - 12 stones The bat hits you but does no damage.
You hear some strange, mumbled words.
A magic dart appears from out of thin air!
The magic dart hits you!
* * * LOW HITPOINT WARNING * * *
Grinder closely misses you.
You completely miss Grinder.
Grinder is moderately wounded.
The bat hits you.
* * * LOW HITPOINT WARNING * * *
Something hits you but does no damage. Grinder hits you.
* * * LOW HITPOINT WARNING * * *
You writhe in agony.
You die...

**# *.##********
**************##..,,,.,,,,***
*,,,,,,,,,,,,,...<,,..,,,,*,*
**,*****######.#,,,...,,,,,,*
*,* #......#,,....,,,,*,* *,*
#.....#*,.....,,,,*,*
*,***####<.5b##o.....,,,,*,**
*,..........@.o......,,,,*,,,
**############o#.....,,,,****
*<#,,...,,,,* *.#,,,,.,,,,*
*.#********** *..,,,* *##**,*
*,* *,* *


You could see Grinder, an orc priest, 2 orcs and a bat.

Vanquished Creatures
  2 adders (D:2)
  A worm (D:2)
  A giant cockroach (D:2)
  4 goblins
  A bat (D:3)
  A kobold (D:2)
  A rat (D:3)
11 creatures vanquished.

Notes
Turn   | Place    | Note
-------+----------+-------------------------------------------
     0 | D:1      | Iko the Demonspawn Earth Elementalist began the quest for the Orb.
     0 | D:1      | Reached XP level 1. HP: 13/13 MP: 3/3
     1 | D:1      | Noticed an electric eel
   149 | D:2      | Reached skill level 3 in Earth Magic
   149 | D:2      | Gained mutation: You are partially covered in thin metallic scales. (AC +2) [demonic ancestry]
   149 | D:2      | Reached XP level 2. HP: 19/19 MP: 1/5
   254 | D:2      | Gained mutation: You have a pair of small horns on your head. [demonic ancestry]
   254 | D:2      | Reached XP level 3. HP: 2/24 MP: 0/6
   381 | D:3      | Noticed Grinder
   390 | D:3      | Slain by Grinder

Skill      XL: |  1  2 |
---------------+-------+-----
Earth Magic    | 3 |  3.3
Dodging        | 2 |  2.0
Stealth        | |  1.9
Spellcasting   | |  2.4
Transmutations | |  0.8

Action                   || total
-------------------------++-------
Melee: Club              ||    35
       Short sword       ||     3
 Cast: Sandblast         ||    18
  Use: Scroll            ||     2
       Potion            ||     1
 Stab: Invisible         ||     1
Armor: Ring mail         ||    19
Dodge: Dodged            ||    36
